 Dungeon Crawl Stone Soup version 0.29-a0-1014-ga8c0faee3b (webtiles) character file.

Game seed: 721740629992052075

525 Destapler the Magician (level 7, -6/51 HPs)
             Began as a Demonspawn Hedge Wizard on Aug 3, 2022.
             Was an Initiate of Vehumet.
             Mangled by Duvessa
             ... wielding a +0 short sword
              (17 damage)
             ... on level 5 of the Dungeon on Aug 9, 2022.
             The game lasted 00:23:45 (5321 turns).

Destapler the Magician (Demonspawn Hedge Wizard)    Turns: 5321, Time: 00:23:46

Health: -6/51      AC:  4    Str: 11    XL:     7   Next: 2%
Magic:  11/11      EV: 13    Int: 22    God:    Vehumet [......]
Gold:   183        SH:  0    Dex: 14    Spells: 8/12 levels left

rFire   . . .      SeeInvis .   a - +4 dagger "Morg" {pain, Will+ Int+5}
rCold   . . .      Faith    .   (no shield)
rNeg    . . .      Spirit   .   t - +1 leather armour "Gunnoev" {+Blink Regen+ Dex+2}
rPois   +          Reflect  .   c - +0 hat
rElec   .          Harm     .   (no cloak)
rCorr   .          Rampage  .   (no gloves)
Will    ++...                   (no boots)
Stlth   +.........              f - amulet of magic regeneration
HPRegen 0.97/turn               o - ring of willpower
MPRegen 0.52/turn               z - ring of poison resistance

@: mighty, silenced (expiring), attractive
A: horns 1, spiny 1, sturdy frame 2
a: Renounce Religion, Evoke Blink


You were on level 5 of the Dungeon.
You worshipped Vehumet.
Vehumet was noncommittal.
You visited 1 branch of the dungeon, and saw 5 of its levels.

You collected 183 gold pieces.

Inventory:

Hand Weapons
 a - the +4 dagger "Morg" (weapon) {pain, Will+ Int+5}
   (You found it on level 3 of the Dungeon)

   In the hands of one skilled in necromantic magic, it inflicts extra damage on
   living creatures.
   Int:       It affects your intelligence (+5).
   Will:      It increases your willpower.
 y - the +7 hand axe "Evyazxamm" {flame, Fly MP+9 Str-2 Stlth+}
   (You found it on level 4 of the Dungeon)

   It burns those it strikes, dealing additional fire damage.
   Big, fiery blades are also staple armaments of hydra-hunters.
   Str:       It affects your strength (-2).
   MP:        It affects your magic capacity (+9).
   Fly:       It grants you flight.
   Stlth:     It makes you more stealthy.
Missiles
 A - a throwing net
Armour
 b - a +0 robe
 c - a +0 hat (worn)
 t - the +1 leather armour "Gunnoev" (worn) {+Blink Regen+ Dex+2}
   (You found it on level 4 of the Dungeon)

   Dex:       It affects your dexterity (+2).
   +Blink:    It lets you blink.
   Regen:     It increases your rate of health regeneration.
Magical Staves
 l - a staff of air
Jewellery
 f - an amulet of magic regeneration (around neck)
 o - a ring of willpower (left hand)
 p - a +6 ring of strength
 v - a ring of resist corrosion
 z - a ring of poison resistance (right hand)
Wands
 i - a wand of mindburst (4)
 k - a wand of flame (20)
 B - a wand of charming (10)
Scrolls
 j - a scroll of magic mapping
 m - a scroll of amnesia {unknown}
 u - a scroll of silence
 w - 2 scrolls of enchant armour {unknown}
 C - a scroll of blinking {unknown}
Potions
 d - 2 potions of magic
 g - a potion of lignification
 n - 2 potions of resistance
 r - a potion of attraction
 s - a potion of flight
 x - 4 potions of mutation


   Skills:
 + Level 2.3 Fighting
 + Level 2.0 Short Blades
 - Level 1.0 Armour
 + Level 2.9 Dodging
 - Level 3.0 Stealth
 - Level 3.0 Spellcasting
 + Level 2.6 Conjurations
 + Level 2.5 Summonings
 + Level 1.8 Necromancy
 + Level 2.5 Translocations


You had 8 spell levels left.
You knew the following spells:

 Your Spells              Type           Power      Damage    Failure   Level
a - Magic Dart            Conj           60%        1d6       4%          1
f - Necrotise             Necr           44%        1d6       6%          1
B - Blink                 Tloc           28%        N/A       7%          2

Your spell library contained the following spells:

 Spells                   Type           Power      Damage    Failure   Level
 Apportation              Tloc           28%        N/A       4%          1
 Searing Ray              Conj           30%        2d5       6%          2
 Call Imp                 Summ           14%        N/A       7%          2
 Beastly Appendage        Tmut           6%         N/A       12%         1
 Slow                     Hex            12%        N/A       12%         1
 Gell's Gravitas          Tloc           14%        N/A       13%         3
 Lesser Beckoning         Tloc           14%        N/A       13%         3
 Teleport Other           Tloc           14%        N/A       13%         3
 Wereblood                Tmut           3%         N/A       19%         2
 Vampiric Draining        Necr           11%        2d6       19%         3
 Conjure Flame            Conj/Fire      9%         6-21      22%         3
 Mephitic Cloud           Conj/Pois/Air  7%         N/A       26%         3
 Spider Form              Tmut/Pois      3%         N/A       36%         3
 Fulminant Prism          Conj/Hex       4%         3d6       56%         4
 Leda's Liquefaction      Hex/Erth       1%         N/A       77%         4
 Agony                    Necr           11%        N/A       86%         5
 Alistair's Intoxication  Tmut/Pois      2%         N/A       98%         5
 Lee's Rapid Deconstruct  Erth           1%         3d5*      98%         5
 Statue Form              Tmut/Erth      2%         N/A       100%        6


Dungeon Overview and Level Annotations

Branches:
Dungeon (5/15)             Temple (0/1) D:5

Altars:
Ashenzari
Makhleb
Vehumet

Shops:
D:1 *   D:2 *

Annotations:
D:5 Duvessa


Innate Abilities, Weirdness & Mutations

You have a pair of small horns on your head.
You are partially covered in sharp spines.
Your movements are less encumbered by armour. (ER -4)


Message History

You hit Dowan.
Dowan writhes in agony.
Dowan is heavily wounded.
Dowan is struck by your spines. Dowan hits you but does no damage.
Duvessa closely misses you.
You hit Dowan but do no damage. You headbutt Dowan, but do no damage.
Dowan is severely wounded.
Dowan hits you with a +0 dagger. Duvessa hits you with a +0 short sword!
* * * LOW HITPOINT WARNING * * *
You barely miss Dowan. You headbutt Dowan.
Dowan is severely wounded.
Dowan closely misses you. Duvessa hits you with a +0 short sword.
* * * LOW HITPOINT WARNING * * *
You miss Dowan. Your headbutt misses Dowan.
Dowan is severely wounded.
You hit Dowan.
You kill Dowan!
Vehumet accepts your kill.
Duvessa weeps, and shakes her weapon.
Duvessa goes berserk!
Duvessa misses you. Duvessa barely misses you.
Your Short Blades skill increases to level 2!
You have reached level 7!
Your demonic ancestry asserts itself...
Your mutations feel more permanent.
You feel much better. Duvessa hits you with a +0 short sword!
* * * LOW HITPOINT WARNING * * *
It was a potion of might.
You feel very mighty all of a sudden. Duvessa closely misses you.
Duvessa misses you.
It was a potion of curing.
You feel better. Duvessa is struck by your spines.
Duvessa hits you with a +0 short sword!
* * * LOW HITPOINT WARNING * * *
You feel much better. Duvessa is struck by your spines.
Duvessa hits you with a +0 short sword!
* * * LOW HITPOINT WARNING * * *
Duvessa hits you with a +0 short sword!
* * * LOW HITPOINT WARNING * * *
You puncture Duvessa!
Duvessa is heavily wounded.
Duvessa hits you with a +0 short sword!
You die...

########### #.#
#.........# #.#
#.......#.# #.#
#.....#.#.###.####
###.#....##..........#
......e@..........##>
###...)..##........#
##.###..#........#
........#...###..# ##
..##..#...# #..#
......#.#.###..#
#............#
##.##.#......#
#....########


You could see Duvessa (berserk).

Vanquished Creatures
  A phantom (D:4)
  A scorpion (D:4)
  Dowan (D:5)
  A hound (D:4)
  A jelly (D:5)
  A gnoll bouda (D:5)
  Natasha (D:3)
  An iguana (D:4)
  A hound skeleton (D:3)
  8 gnolls
  3 adders
  A spectral adder (D:3)
  A dart slug (D:2)
  8 orcs
  9 endoplasms
  6 giant cockroaches
  5 goblins
  5 hobgoblins
  4 jackals (D:3)
  7 ball pythons
  A ball python zombie (D:3)
  3 bats
  A giant cockroach zombie (D:3)
  A jackal zombie (D:3)
  7 kobolds
  A quokka zombie (D:3)
  4 rats
84 creatures vanquished.

Vanquished Creatures (others)
  24 withered plants (D:3)
24 creatures vanquished.

Grand Total: 108 creatures vanquished

Notes
Turn   | Place    | Note
-------+----------+-------------------------------------------
     0 | D:1      | Destapler the Demonspawn Hedge Wizard began the quest for
                  | the Orb.
     0 | D:1      | Reached XP level 1. HP: 13/13 MP: 4/4
    55 | D:1      | Found Jauhym's Assorted Antiques.
    88 | D:1      | Upgraded the game from 0.29-a0-994-gc5c9f59d18 to
                  | 0.29-a0-1014-ga8c0faee3b
   195 | D:1      | Reached skill level 1 in Translocations
   311 | D:1      | Found a faded altar of an unknown god.
   358 | D:1      | Gained mutation: Your movements are slightly less
                  | encumbered by armour. (ER -2) [demonic ancestry]
   358 | D:1      | Reached XP level 2. HP: 18/19 MP: 0/6
  1141 | D:2      | Gained mutation: Your movements are less encumbered by
                  | armour. (ER -4) [demonic ancestry]
  1141 | D:2      | Reached XP level 3. HP: 9/25 MP: 3/7
  1617 | D:2      | Found Kaedamuf's General Store.
  2249 | D:3      | Reached skill level 1 in Fighting
  2608 | D:3      | Found a broken altar of Ashenzari.
  2695 | D:3      | Noticed Natasha
  2707 | D:3      | Killed Natasha
  2708 | D:3      | Reached skill level 1 in Armour
  2708 | D:3      | Gained mutation: You are partially covered in sharp spines.
                  | [demonic ancestry]
  2708 | D:3      | Reached XP level 4. HP: 24/32 MP: 4/8
  2758 | D:3      | Reached skill level 1 in Short Blades
  2845 | D:3      | Found the +4 dagger "Morg" {pain, Will+ Int+5}
  2867 | D:3      | Learned a level 2 spell: Blink
  2869 | D:3      | Learned a level 1 spell: Necrotise
  2943 | D:3      | Identified the +3 ring mail of Polish {Rampage Fly rPois}
  3314 | D:4      | Gained mutation: You have a pair of small horns on your
                  | head. [potion of mutation]
  3364 | D:4      | Noticed a phantom
  3439 | D:4      | Reached XP level 5. HP: 37/37 MP: 9/9
  3761 | D:4      | Found a radiant altar of Vehumet.
  3767 | D:4      | Became a worshipper of Vehumet
  3873 | D:4      | Found a burning altar of Makhleb.
  3885 | D:4      | Identified the +1 leather armour "Gunnoev" {+Blink Regen+
                  | Dex+2}
  3984 | D:4      | Reached skill level 1 in Necromancy
  4270 | D:4      | Identified the +7 hand axe "Evyazxamm" {flame, Fly MP+9
                  | Str-2 Stlth+}
  4287 | D:4      | Noticed an angel
  4580 | D:4      | Reached XP level 6. HP: 28/44 MP: 10/10
  5052 | D:5      | Entered Level 5 of the Dungeon
  5245 | D:5      | Found a staircase to the Ecumenical Temple.
  5299 | D:5      | Noticed Duvessa
  5304 | D:5      | Noticed Dowan
  5316 | D:5      | Killed Dowan
  5317 | D:5      | Mutation became permanent: You have a pair of small horns
                  | on your head. [demonic ancestry]
  5317 | D:5      | Gained mutation: You have a pair of small horns on your
                  | head. [demonic ancestry]
  5317 | D:5      | Reached XP level 7. HP: 7/51 MP: 11/11
  5321 | D:5      | Mangled by Duvessa

Illustrated notes

Levels and vault maps discovered:
D:1:      dpeg_arrival_orchard, layout_loops_cross, basic_ecumenical_altar,
          serial_shops, shop, nrook_mini_vaults, hex_medium
D:2:      minmay_door_path, layout_basic, serial_shops,
          nicolae_shop_hallway_stairs, minmay_statues_item, grunt_ministairs_13
D:3:      layout_loops_ring, cheibrodos_ashenzari_chains,
          dilly_guarded_unrand_morg
D:4:      layout_gridville, zin_angel, bloody_makhleb, vehumet_altar_wand_db,
          minmay_misc_feat_encased, grunt_decor_resistance, corner_web_ring,
          lemuel_flame_loot_1
D:5:      layout_basic, minmay_temple_entry_statues_pillars,
          nicolae_shop_i_like_big_books, minmay_divided_ellipse, uniq_duvessa

Skill      XL: |  1  2  3  4  5  6 |
---------------+-------------------+-----
Translocations | 1 2 |  2.5
Dodging        | 2 |  2.9
Stealth        | 2 3 |  3.0
Fighting       | 1 2 |  2.3
Armour         | 1 |  1.0
Short Blades   | 1 2 |  2.0
Conjurations   | 2 |  2.6
Summonings     | 2 |  2.5
Necromancy     | 1 |  1.8
Spellcasting   | |  3.0

Action                   |  1- 3 |  4- 6 |  7- 9 || total
-------------------------+-------+-------+-------++-------
Melee: Dagger            |    15 |    64 |     1 ||    80
       Short sword       |    15 |     7 |       ||    22
       Headbutt          |       |     7 |       ||     7
 Cast: Magic Dart        |   118 |    87 |       ||   205
       Necrotise         |       |    15 |       ||    15
       Blink             |       |     2 |       ||     2
  Use: Potion            |     1 |     5 |     4 ||    10
       Scroll            |       |     8 |       ||     8
 Stab: Sleeping          |     2 |     4 |       ||     6
       Invisible         |       |     1 |       ||     1
Armor: Robe              |    14 |     9 |       ||    23
       Skin              |       |    64 |       ||    64
       Leather armour    |       |     3 |       ||     3
Dodge: Dodged            |    39 |    60 |     2 ||   101

Table legend: (Time is in decaauts)
 A = Elapsed time spent in this place.
 B = Non-inter-level travel time spent in this place.
 C = Inter-level travel time spent in this place.
 D = Time resting spent in this place.
 E = Time spent auto-exploring this place.
 F = Levels seen in this place.
 G = Mean time per level.
                   A        B        C        D        E       F      G
               +--------+--------+--------+--------+--------+-----+--------+
         Total |   5314 |   5132 |    182 |    441 |   3949 |   5 | 1062.8 |
       Dungeon |   5314 |   5132 |    182 |    441 |   3949 |   5 | 1062.8 |
               +--------+--------+--------+--------+--------+-----+--------+

Top non-repeatable levels by time:
     D:4: 1600 daAuts
     D:3: 1293 daAuts
     D:2: 1164 daAuts
     D:1: 991 daAuts
     D:5: 265 daAuts
